 Dungeon Crawl Stone Soup version 0.29.1-12-g30fa7ad0bf (webtiles) character file.

Game seed: 7751415435328687589

70179 raph the Thaumaturge (level 14, -9/83 HPs)
             Began as a Deep Elf Fire Elementalist on Jan 18, 2023.
             Was the Champion of Kikubaaqudgha.
             Mangled by a red ugly thing (11 damage)
             ... on level 14 of the Dungeon.
             The game lasted 01:05:16 (36583 turns).

raph the Thaumaturge (Deep Elf Fire Elementalist)  Turns: 36583, Time: 01:05:17

Health: -9/83      AC: 16    Str:  9    XL:     14   Next: 93%
Magic:  20/34      EV: 16    Int: 32    God:    Kikubaaqudgha [******]
Gold:   1413       SH:  0    Dex: 15    Spells: 1/41 levels left

rFire   + + +      SeeInvis +   b - +4 shortbow (pain)
rCold   + . .      Faith    .   (shield currently unavailable)
rNeg    . . .      Spirit   .   g - +0 robe "Miahausm" {rF++ Str+4}
rPois   +          Reflect  .   r - +2 helmet {SInv}
rElec   +          Harm     .   h - +1 cloak
rCorr   +          Rampage  +   Q - +1 pair of gloves {hurl}
Will    +....                   O - +2 pair of boots {rampage}
Stlth   ++........              (no amulet)
HPRegen 0.23/turn               E - +6 ring of intelligence
MPRegen 0.24/turn               J - +4 ring of protection

@: resistant
A: no striking features
a: Renounce Religion, Unearth Wretches, Torment


You were on level 14 of the Dungeon.
You worshipped Kikubaaqudgha.
Kikubaaqudgha was exalted by your worship.
You visited 4 branches of the dungeon, and saw 22 of its levels.

You collected 1849 gold pieces.
You spent 436 gold pieces at shops.

Inventory:

Hand Weapons
 a - a +2 dagger of venom
 b - a +4 shortbow of pain (weapon)
 i - a +0 rapier
 m - a +0 dagger
 P - a +3 rapier
Missiles
 y - 14 poisoned darts
 K - 5 throwing nets
Armour
 g - the +0 robe "Miahausm" (worn) {rF++ Str+4}
   (You found it on level 3 of the Dungeon)

   Str:       It affects your strength (+4).
   rF:        It greatly protects you from fire.
 h - a +1 cloak (worn)
 r - a +2 helmet of see invisible (worn)
 t - a +1 pair of gloves
 G - +0 steam dragon scales
 O - a +2 pair of boots of rampaging (worn)
 Q - a +1 pair of gloves of hurling (worn)
Magical Staves
 w - a staff of conjuration
Jewellery
 d - a ring of flight
 q - a ring of protection from fire
 E - a +6 ring of intelligence (left hand)
 J - a +4 ring of protection (right hand)
Wands
 p - a wand of mindburst (14)
 v - a wand of quicksilver (5)
 x - a wand of digging (10)
 L - a wand of polymorph (14)
 R - a wand of iceblast (4)
 S - a wand of charming (8)
Scrolls
 e - 4 scrolls of fog
 o - 7 scrolls of teleportation
 B - 3 scrolls of magic mapping
 C - 8 scrolls of identify
 D - a scroll of summoning
 I - 4 scrolls of amnesia
Potions
 f - 3 potions of attraction
 j - 4 potions of berserk rage
 k - 4 potions of mutation
 l - 10 potions of curing
 n - 3 potions of might
 s - 2 potions of ambrosia
 u - 5 potions of haste
 z - a potion of lignification
 A - 4 potions of flight
 F - a potion of cancellation
Miscellaneous
 M - a box of beasts
 V - a phial of floods


   Skills:
 + Level 7.8 Fighting
 - Level 6.0 Ranged Weapons
 + Level 8.6 Dodging
 - Level 2.4 Stealth
 + Level 14.3 Spellcasting
 + Level 14.0 Conjurations
 + Level 13.2 Necromancy
 + Level 12.5 Fire Magic
 - Level 8.0 Earth Magic


You had one spell level left.
You knew the following spells:

 Your Spells              Type           Power      Damage    Failure   Level
a - Foxfire               Conj/Fire      100%       2x1d9     0%          1
b - Scorch                Fire           100%       2d10      1%          2
c - Conjure Flame         Conj/Fire      83%        6-21      1%          3
d - Inner Flame           Hex/Fire       58%        N/A       1%          3
e - Flame Wave            Conj/Fire      83%        2d18      1%          4
f - Fireball              Conj/Fire      41%        3d17      1%          5
g - Vampiric Draining     Necr           82%        2d11      1%          3
h - Animate Dead          Necr           82%        N/A       1%          4
i - Borgnjor's Vile Clut  Necr/Erth      37%        N/A       1%          5
j - Death Channel         Necr           41%        N/A       1%          6
k - Anguish               Hex/Necr       30%        N/A       1%          4

Your spell library contained the following spells:

 Spells                   Type           Power      Damage    Failure   Level
 Magic Dart               Conj           100%       1d8       0%          1
 Necrotise                Necr           100%       1d9       0%          1
 Apportation              Tloc           44%        N/A       1%          1
 Freeze                   Ice            88%        1d10      1%          1
 Searing Ray              Conj           100%       2d8       0%          2
 Static Discharge         Conj/Air       61%        3-11/arc  1%          2
 Mephitic Cloud           Conj/Pois/Air  52%        N/A       1%          3
 Dispel Undead            Necr           82%        3d27      1%          4
 Fulminant Prism          Conj/Hex       30%        3d16      1%          4
 Hailstorm                Conj/Ice       61%        3d13      1%          4
 Agony                    Necr           82%        N/A       1%          5
 Iskenderun's Battlesphe  Conj           85%        2d13      1%          5
 Call Imp                 Summ           22%        N/A       3%          2
 Animate Armour           Summ/Erth      96%        N/A       3%          4
 Lightning Bolt           Conj/Air       30%        1d47      3%          5
 Iron Shot                Conj/Erth      38%        9d8       3%          6
 Orb of Destruction       Conj           42%        9d12      4%          7
 Frozen Ramparts          Ice            44%        1d7       6%          3
 Conjure Ball Lightning   Conj/Air       30%        3x3d10    17%         6
 Simulacrum               Ice/Necr       30%        N/A       21%         6
 Alistair's Intoxication  Tmut/Pois      14%        N/A       47%         5
 Blade Hands              Tmut           11%        N/A       47%         5
 Borgnjor's Revivificati  Necr           41%        N/A       50%         8
 Maxwell's Capacitive Co  Air            11%        ∞         100%        8
 Necromutation            Tmut/Necr      30%        N/A       100%        8
 Death's Door             Necr           41%        N/A       100%        9


Dungeon Overview and Level Annotations

Branches:
Dungeon (15/15)            Temple (1/1) D:6            Lair (5/5) D:9
 Shoals (0/4) Lair:2       Spider (0/4) Lair:3        Slime (0/5) Lair:4
    Orc (2/2) D:11            Elf (0/3) Orc:2
 Vaults: D:13-14     Depths: D:15

Altars:
Ashenzari
Cheibriados
Dithmenos
Elyvilon
Fedhas
Gozag
Hepliaklqana
Kikubaaqudgha
Makhleb
Nemelex Xobeh
Okawaru
Qazlal
Ru
Sif Muna
Trog
Uskayaw
Vehumet
Wu Jian
Xom
Yredelemnul
Zin
The Shining One
Jiyva

Shops:
D:5 (   D:6 ?   D:7 ??   D:9 *   D:14 (   Orc:2 :[[*

Portals:
Trove: D:10 (give +6 demon trident)

Annotations:
D:3 2 runed translucent doors, DECONJ's ghost, amateur DEAE
D:12 1 runed translucent door, diceflayer's ghost, journeyman DsHu
Lair:1 2 transporters
Lair:4 exclusion: 3 oklob plants


Message History

The red ugly thing struggles to escape constriction.
The zombie hands constrict the red ugly thing!
The red ugly thing escapes!
A red ugly thing is nearby!
Casting: Borgnjor's Vile Clutch (dangerous; 1% risk of failure)
Confirm with . or Enter, or press ? or * to list all spells.
Aiming: Borgnjor's Vile Clutch (dangerous; 1% risk of failure)
Press: ? - help, Shift-Dir - straight line, f - red ugly thing
Aim: a red ugly thing (severely wounded, 100% to hit)
Zombie hands grab the red ugly thing.
The zombie hands constrict the red ugly thing.
The red ugly thing struggles to escape constriction.
Casting: Borgnjor's Vile Clutch (dangerous; 1% risk of failure)
Confirm with . or Enter, or press ? or * to list all spells.
You don't have enough magic to cast this spell.
Magic courses through your body.
The zombie hands constrict the red ugly thing!
The red ugly thing escapes!
Casting: Borgnjor's Vile Clutch (dangerous; 1% risk of failure)
Confirm with . or Enter, or press ? or * to list all spells.
Aiming: Borgnjor's Vile Clutch (dangerous; 1% risk of failure)
Press: ? - help, Shift-Dir - straight line, f - centaur, p - red ugly thing
Aim: a centaur (100% to hit)
Zombie hands grab the centaur.
The zombie hands constrict the centaur!
You hear a shout!
The centaur wields a +0 shortbow.
The centaur shoots an arrow.
The arrow hits you!
* * * LOW HITPOINT WARNING * * *
Fire: b) +4 shortbow (pain)
Press: ? - help, Q - select action, (/) - cycle Shift-Dir - straight line, f - red ugly thing, p - centaur
Aim: a red ugly thing (almost dead, 69% to hit)
You shoot an arrow.
The arrow barely misses the red ugly thing.
The zombie hands constrict the centaur!
You kill the centaur!
Kikubaaqudgha accepts your kill. The red ugly thing stings you!
You die...
Kikubaaqudgha rasps: "You have failed me!
Welcome... death!"

.. ..... ### .......
#@####...c...
##u.##.........
#....).........
##.†.......<...
##...†.....$....
#...............
#..#.#..........###.
##.###.....∩........
## #.........?....


You could see a red ugly thing.

Vanquished Creatures
  Jorgrun (D:12)
  Snorg (D:12)
  Harold (D:10)
  A boulder beetle (Lair:2)
  6 hydras
  A catoblepas (Lair:5)
  5 two-headed ogres
  9 death yaks
  A deep troll shaman (Lair:5)
  8 orc high priests (Orc:2)
  Urug (Lair:1)
  A skeletal warrior (D:15)
  2 lindwurms
  2 orc knights (Orc:1)
  Pikel (D:9)
  3 orc sorcerers (Orc:1)
  2 manticores
  2 ugly things (D:14)
  2 cyclopes
  19 elephants
  A torpor snail (Lair:3)
  2 black mambas
  10 cane toads
  4 rime drakes
  8 komodo dragons
  An unseen horror (D:10)
  A kobold demonologist (D:8)
  3 polar bears
  A hornet (D:9)
  11 blink frogs
  Grinder (D:5)
  2 slime creatures (D:15)
  7 dream sheep
  4 culicivoras (Lair:3)
  A vampire (D:12)
  27 yaks
  4 wyverns
  2 basilisks
  Menkaure (D:6)
  3 steam dragons
  6 wargs (Orc:2)
  12 water moccasins
  Duvessa (D:6)
  9 orc warriors
  An ice beast (D:7)
  5 black bears
  11 wolves
  6 ogres
  5 centaurs
  10 bullfrogs
  2 kobold brigands
  A phantom (D:7)
  2 necrophages
  A scorpion (D:5)
  A gnoll sergeant (D:9)
  11 wights
  Dowan (D:6)
  10 killer bees (D:10)
  8 howler monkeys
  An electric eel (D:7)
  2 jellies
  29 orc priests
  Crazy Yiuf (D:3)
  A gnoll bouda (D:3)
  A hound (D:4)
  5 iguanas
  Natasha (twice) (D:3)
  7 hell rats
  17 orc wizards
  Ijyb (D:4)
  Robin (D:3)
  25 gnolls
  9 adders
  4 white imps
  An ufetubus (D:5)
  3 worms
  3 dart slugs
  82 orcs
  13 endoplasms
  2 giant cockroaches (D:3)
  17 goblins
  6 hobgoblins
  6 jackals
  16 kobolds
  3 quokkas
  10 ball pythons
  4 bats
  5 frilled lizards
  7 rats
550 creatures vanquished.

Vanquished Creatures (collateral kills)
  A hydra (Lair:5)
  2 death yaks (Lair:5)
  8 elephants (Lair:5)
  A cane toad (Lair:5)
  2 rime drakes (Lair:5)
  2 komodo dragons
  A troll (Orc:1)
  A polar bear (Lair:4)
  7 yaks
  2 wargs (Orc:1)
  4 water moccasins (Lair:5)
  A black bear (Lair:5)
  4 wolves (Lair:5)
  2 killer bees (D:10)
  An orc priest (Orc:1)
  6 hell rats (Lair:4)
  A foxfire (Lair:2)
46 creatures vanquished.

Vanquished Creatures (others)
  A tengu conjurer (D:14)
  2 orc warriors (Orc:1)
  3 elephant zombies (Lair:5)
  A rime drake zombie (Lair:5)
  3 water moccasin zombies
  2 polar bear zombies (Lair:5)
  5 yak zombies
  11 wolf zombies
  2 black bear zombies (Lair:5)
  An orc priest (Orc:2)
  2 orc zombies (Orc:1)
  748 foxfires
  29 fungi
  54 plants
  A withered plant (D:14)
865 creatures vanquished.

Grand Total: 1461 creatures vanquished

Notes
Turn   | Place    | Note
-------+----------+-------------------------------------------
     0 | D:1      | raph the Deep Elf Fire Elementalist began the quest for the
                  | Orb.
     0 | D:1      | Reached XP level 1. HP: 10/10 MP: 6/6
   609 | D:1      | Reached XP level 2. HP: 15/15 MP: 5/8
   612 | D:1      | Learned a level 2 spell: Scorch
  1294 | D:2      | Found a faded altar of an unknown god.
  1700 | D:2      | Reached XP level 3. HP: 19/19 MP: 4/9
  1704 | D:2      | Learned a level 3 spell: Conjure Flame
  2666 | D:3      | Noticed Robin
  2672 | D:3      | Reached XP level 4. HP: 24/24 MP: 3/11
  3069 | D:3      | Reached skill level 5 in Fire Magic
  3230 | D:3      | Found a broken altar of Ashenzari.
  3257 | D:3      | Killed Robin
  3642 | D:3      | Learned a level 3 spell: Inner Flame
  3688 | D:3      | Noticed Natasha
  3694 | D:3      | Killed Natasha
  3747 | D:3      | Identified the +0 robe "Miahausm" {rF++ Str+4}
  3809 | D:3      | Reached XP level 5. HP: 28/28 MP: 6/13
  4207 | D:2      | Learned a level 4 spell: Flame Wave
  4346 | D:3      | Found a runed translucent door.
  4347 | D:3      | Noticed DECONJ's ghost (amateur DEAE)
  4441 | D:3      | Found a runed translucent door.
  4442 | D:3      | Noticed Crazy Yiuf
  4450 | D:3      | Killed Crazy Yiuf
  4674 | D:3      | Noticed Natasha
  4679 | D:3      | Killed Natasha
  4680 | D:3      | Reached XP level 6. HP: 32/32 MP: 9/15
  4825 | D:3      | Found a runed translucent door.
  5002 | D:4      | Reached skill level 5 in Spellcasting
  5410 | D:4      | Found a stormy altar of Qazlal.
  6170 | D:4      | Reached skill level 1 in Fighting
  6170 | D:4      | Reached XP level 7. HP: 35/38 MP: 8/17
  6425 | D:4      | Noticed Ijyb
  6428 | D:4      | Killed Ijyb
  6479 | D:5      | Entered Level 5 of the Dungeon
  7038 | D:5      | Found Wuim Kea's Antique Weapon Shoppe.
  7163 | D:5      | Noticed Grinder
  7164 | D:5      | Paralysed by Grinder for 2 turns
  7171 | D:5      | Killed Grinder
  7650 | D:6      | Found Jodamix's Magic Scroll Shop.
  7661 | D:5      | Reached skill level 5 in Conjurations
  7661 | D:5      | Reached XP level 8. HP: 10/44 MP: 3/19
  7925 | D:6      | Noticed Dowan
  8382 | D:6      | Learned a level 5 spell: Fireball
  8552 | D:6      | Found a staircase to the Ecumenical Temple.
  8585 | Temple   | Entered the Ecumenical Temple
  8896 | Temple   | Became a worshipper of Kikubaaqudgha
  9093 | D:6      | Noticed Duvessa
  9177 | D:6      | Killed Duvessa
  9327 | D:6      | Killed Dowan
  9498 | D:6      | Noticed Menkaure
  9505 | D:6      | Killed Menkaure
 10294 | D:6      | Bought a scroll of blinking for 90 gold pieces
 10294 | D:6      | Bought 2 scrolls of identify for 48 gold pieces
 10294 | D:6      | Bought a scroll of summoning for 114 gold pieces
 10296 | D:6      | Bought a scroll of identify for 24 gold pieces
 10296 | D:6      | Bought a scroll of identify for 24 gold pieces
 10296 | D:6      | Bought a scroll of identify for 24 gold pieces
 10449 | D:6      | Reached XP level 9. HP: 48/48 MP: 15/20
 10742 | D:7      | Found Quolott's Magic Scroll Shoppe.
 10808 | D:7      | Reached * piety under Kikubaaqudgha
 10808 | D:7      | Received a gift from Kikubaaqudgha
 11412 | D:7      | Reached skill level 10 in Fire Magic
 11988 | D:7      | Found Plog's Magic Scroll Shop.
 11997 | D:7      | Bought a scroll of enchant weapon for 112 gold pieces
 12154 | D:8      | Reached skill level 1 in Necromancy
 12991 | D:8      | Noticed a kobold demonologist
 12994 | D:8      | Killed a kobold demonologist
 12995 | D:8      | Reached XP level 10. HP: 53/53 MP: 11/23
 12998 | D:8      | Reached ** piety under Kikubaaqudgha
 13260 | D:8      | Learned a level 3 spell: Vampiric Draining
 13674 | D:9      | Noticed a two-headed ogre
 13680 | D:9      | Killed a two-headed ogre
 13681 | D:9      | Reached skill level 1 in Ranged Weapons
 13683 | D:9      | Noticed a two-headed ogre
 13689 | D:9      | Killed a two-headed ogre
 13800 | D:9      | Found a shimmering blue altar of Sif Muna.
 13837 | D:9      | Found Kairo's Overcharged Wands.
 13854 | D:9      | Reached skill level 5 in Dodging
 13858 | D:9      | Reached skill level 5 in Necromancy
 14138 | D:9      | Learned a level 4 spell: Animate Dead
 14250 | D:9      | Found a staircase to the Lair.
 14494 | D:9      | Found a sparkling altar of Nemelex Xobeh.
 14495 | D:9      | Noticed a cyclops
 14504 | D:9      | Reached skill level 10 in Conjurations
 14504 | D:9      | Killed a cyclops
 14743 | D:9      | Reached XP level 11. HP: 60/60 MP: 1/25
 14892 | D:9      | Noticed Pikel
 14900 | D:9      | Killed Pikel
 15238 | D:10     | Entered Level 10 of the Dungeon
 15238 | D:10     | Noticed a two-headed ogre
 15242 | D:10     | Killed a two-headed ogre
 15432 | D:10     | Noticed Harold
 15574 | D:10     | Killed Harold
 15916 | D:10     | Found a portal to a secret trove of treasure.
 16007 | D:10     | Reached *** piety under Kikubaaqudgha
 16007 | D:10     | Received a gift from Kikubaaqudgha
 16102 | D:10     | Found an opulent altar of Gozag.
 16425 | D:11     | Noticed a two-headed ogre
 16480 | Lair:1   | Entered Level 1 of the Lair of Beasts
 16480 | Lair:1   | Noticed Urug
 16490 | Lair:1   | HP: 1/60 [Urug/+4 eveningstar of holy wrath (12)]
 16508 | Lair:1   | Reached skill level 5 in Ranged Weapons
 16513 | Lair:1   | Killed Urug
 17974 | Lair:1   | Found a transporter.
 18026 | Lair:1   | Found a transporter.
 18356 | Lair:2   | Noticed a boulder beetle
 18831 | Lair:2   | Reached XP level 12. HP: 67/67 MP: 21/27
 18955 | Lair:2   | Learned a level 5 spell: Borgnjor's Vile Clutch
 19003 | Lair:2   | Killed a boulder beetle
 19004 | Lair:2   | Reached skill level 1 in Earth Magic
 19005 | Lair:2   | Noticed a seven-headed hydra
 19297 | Lair:2   | Reached skill level 10 in Spellcasting
 19452 | Lair:2   | Killed a seven-headed hydra
 19638 | Lair:2   | Found a staircase to the Shoals.
 19696 | Lair:2   | Noticed an eight-headed hydra
 19704 | Lair:2   | Killed an eight-headed hydra
 20446 | Lair:3   | Found a hole to the Spider Nest.
 20664 | Lair:3   | Reached skill level 10 in Necromancy
 22014 | Lair:2   | Reached skill level 5 in Fighting
 22495 | Lair:3   | Reached **** piety under Kikubaaqudgha
 22577 | Lair:3   | Reached skill level 5 in Earth Magic
 22923 | Lair:3   | Identified a scroll of acquirement
 22924 | Lair:3   | Acquired a staff of conjuration
 23243 | Lair:3   | Noticed a death yak
 23252 | Lair:3   | Reached XP level 13. HP: 72/72 MP: 11/30
 24974 | Lair:4   | Learned a level 6 spell: Death Channel
 25123 | Lair:4   | Found a staircase to the Slime Pits.
 25123 | Lair:4   | Found a viscous altar of Jiyva.
 25957 | Lair:4   | HP: 2/74 [elephant (9)]
 26944 | Lair:5   | Entered Level 5 of the Lair of Beasts
 27125 | Lair:5   | Reached ***** piety under Kikubaaqudgha
 27909 | Lair:5   | Reached XP level 14. HP: 57/80 MP: 1/33
 30699 | D:9      | Learned a level 4 spell: Anguish
 31669 | D:11     | Found a staircase to the Orcish Mines.
 31738 | D:11     | Found a hazy altar of Hepliaklqana.
 32249 | Orc:1    | Entered Level 1 of the Orcish Mines
 32279 | Orc:2    | Entered Level 2 of the Orcish Mines
 33289 | Orc:2    | Reached ****** piety under Kikubaaqudgha
 33942 | Orc:2    | Found a staircase to the Elven Halls.
 34074 | Orc:2    | Found Xapp's Assorted Antiques.
 34074 | Orc:2    | Found Rotey's Antique Armour Emporium.
 34288 | Orc:2    | Found Wilafofy's Armour Shop.
 34288 | Orc:2    | Found Hiuras's Book Emporium.
 35610 | D:12     | Noticed Snorg
 35610 | D:12     | Noticed Jorgrun
 35615 | D:12     | Killed Snorg
 35615 | D:12     | Killed Jorgrun
 35666 | D:12     | Identified a +3 shortbow of pain (a +1 shortbow of venom
                  | bloodied by Kikubaaqudgha)
 35666 | D:12     | Received a gift from Kikubaaqudgha
 35845 | D:12     | Found a runed translucent door.
 35845 | D:12     | Noticed diceflayer's ghost (journeyman DsHu)
 36179 | D:12     | Found a sparkling altar of Nemelex Xobeh.
 36494 | D:12     | You fall into a shaft and drop 3 floors!
 36494 | D:15     | Entered Level 15 of the Dungeon
 36499 | D:14     | Found an ancient bone altar of Kikubaaqudgha.
 36527 | D:15     | HP: 4/83 [large slime creature (27)]
 36552 | D:14     | Found Ytyitt's Antique Weapon Shoppe.
 36555 | D:14     | HP: 2/83 [cyan ugly thing (8)]
 36582 | D:14     | HP: 1/83 [centaur/arrow[a centaur warrior] (11)]
 36583 | D:14     | Mangled by a red ugly thing

Illustrated notes

Levels and vault maps discovered:
D:1:      eino_arrival_druids_welcome, layout_basic, grunt_decor_mini_mirrors
D:2:      layout_loops_cross, ebering_ecumenical_altar_box, minmay_tetromino_i4
D:3:      layout_basic, ashenzari_altar_1, ebering_ghost_sewer_f, uniq_robin,
          uniq_crazy_yiuf_cottage, uniq_natasha
D:4:      minmay_chambers_of_fours, layout_gridville, grunt_qazlal_clouds,
          nicolae_figureground_pulse, uniq_ijyb
D:5:      layout_gridville, serial_shops, nicolae_shop_stone, uniq_grinder
D:6:      layout_layer_cave, minmay_temple_entry_mist, hangedman_decor_growths,
          nicolae_stop_n_shop_2, uniq_duvessa, uniq_menkaure
D:7:      layout_basic, serial_curves, eino_curves_02, eino_curves_01,
          serial_shops, shop, st_stairs_6, serial_bayou_pond_b,
          minmay_shop_grid_forest
D:8:      layout_basic, minmay_unpleasant_kobolds
D:9:      layout_stronghold, mainiacjoe_overflow_catch_the_wave,
          lair_entry_dummy, nicolae_shop_overcharged_wands, uniq_pikel
D:10:     layout_cross, grunt_gozag_statues, trove_entry_hex_spiral,
          corexii_hall_statues_u, uniq_harold
D:11:     layout_small_grid, orc_0_dummy, columned_hall_lemuel,
          hangedman_decor_lopped, minivault_5, kennysheep_small_spiral,
          kennysheep_nondescript, nzn_hepliaklqana_mist_gate
D:12:     layout_gridville, gammafunk_ghost_grave, nemelex_diamond_rough_becter,
          uniq_snorg, uniq_jorgrun
D:14:     layout_cave_pools, kiku_gazebo_garden_becter, serial_shops, shop,
          nicolae_shop_window_shopping, nrook_uturn
D:15:     grunt_enter_depths_magical_seal, layout_loops_corners, minivault_19,
          dreamdust_princess_bridge
Temple:   minmay_temple_bridge_d
Lair:1:   gammafunk_worm_tunnel, layout_hall_layers, uniq_urug
Lair:2:   layout_small_grid, shoals_dummy_entry
Lair:3:   layout_cave_pods, hellmonk_spider_entry_life_and_decay,
          serial_bayou_shore_a
Lair:4:   layout_roguey, minmay_slime_entry_oklob_open,
          minmay_lair_oklob_bushes, chequers_serial_rivers_small_a
Lair:5:   grunt_lair_end_beastmaster, layout_cave_shapes
Orc:1:    layout_diamond_mine, hellmonk_bongcloud_opening,
          nicolae_orc_damp_corner, mines2_lemuel
Orc:2:    st_orc_town, layout_diamond_mine, special_room, mines2_david

Skill      XL: |  1  2  3  4  5  6  7  8  9 10 11 12 13 14 |
---------------+-------------------------------------------+-----
Fire Magic     | 4 5 6 8 10 11 12 | 12.5
Conjurations   | 2 3 4 5 7 9 10 12 13 14 | 14.0
Spellcasting   | 4 5 6 7 8 9 11 13 14 | 14.3
Dodging        | 3 4 5 7 8 |  8.6
Fighting       | 1 2 3 4 5 6 7 |  7.8
Necromancy     | 3 6 8 10 12 13 | 13.2
Ranged Weapons | 3 5 6 |  6.0
Earth Magic    | 5 7 8 |  8.0
Stealth        | |  2.4

Action                   |  1- 3 |  4- 6 |  7- 9 | 10-12 | 13-15 || total
-------------------------+-------+-------+-------+-------+-------++-------
Melee: Unarmed           |     6 |       |       |       |       ||     6
       Dagger            |     2 |     7 |       |     3 |    34 ||    46
       Staff             |       |       |       |       |     5 ||     5
 Fire: Shortbow          |       |       |    41 |    54 |   324 ||   419
 Cast: Foxfire           |    47 |    80 |   119 |   122 |    67 ||   435
       Scorch            |    23 |    38 |    52 |    72 |    81 ||   266
       Conjure Flame     |       |     1 |     9 |     3 |     3 ||    16
       Inner Flame       |       |       |    21 |    16 |     7 ||    44
       Flame Wave        |       |       |     6 |    28 |    33 ||    67
       Fireball          |       |       |     8 |    65 |    52 ||   125
       Vampiric Draining |       |       |       |     6 |       ||     6
       Animate Dead      |       |       |       |     3 |     4 ||     7
       Borgnjor's Vile C |       |       |       |     6 |    59 ||    65
       Death Channel     |       |       |       |       |     9 ||     9
       Anguish           |       |       |       |       |     1 ||     1
Invok: Brand Weapon With |       |       |       |       |     1 ||     1
       Unearth Wretches  |       |       |       |       |     1 ||     1
Evoke: Wand              |       |       |       |       |     2 ||     2
       Box of beasts     |       |       |       |       |     1 ||     1
  Use: Scroll            |       |    13 |    14 |     7 |     9 ||    43
       Potion            |       |       |       |     6 |     6 ||    12
 Stab: Sleeping          |       |       |       |     1 |       ||     1
Armor: Robe              |     4 |    11 |    12 |    69 |   151 ||   247
Dodge: Dodged            |    15 |    20 |    15 |   124 |   254 ||   428
